 Dungeon Crawl Stone Soup version 0.20.0-4-g10b340a (webtiles) character file.

5283 skittles the Arsonist (level 10, -4/69 HPs)
             Began as a Yellow Draconian Fire Elementalist on May 27, 2017.
             Was a Follower of Vehumet.
             Slain by an unseen horror (6 damage)
             ... on level 9 of the Dungeon.
             The game lasted 00:30:29 (9552 turns).

skittles the Arsonist (DrFE)                        Turns: 9552, Time: 00:30:30

Health: -4/69      AC: 11    Str: 10    XL:     10   Next: 37%
Magic:  4/13       EV: 12    Int: 19    God:    Vehumet [*.....]
Gold:   614        SH:  0    Dex: 12    Spells: 5/13 levels left

rFire    + . .     SeeInvis .   T - +2 long sword (holy)
rCold    x . .     Gourm    .   (no shield)
rNeg     . . .     Faith    .   (armour unavailable)
rPois    +         Spirit   .   (helmet restricted)
rElec    .         Reflect  .   B - +1 cloak
rCorr    +         Harm     .   (no gloves)
MR       .....                  u - +1 pair of boots
Stlth    ++........             o - amulet of magic regeneration
Regen    0.3/turn               L - ring of poison resistance
MPRegen  0.2/turn               I - ring of fire

@: no status effects
A: spit acid, acid resistance, unfitting armour, cold-blooded, AC +7
a: Breathe Acid, Renounce Religion


You were on level 9 of the Dungeon.
You worshipped Vehumet.
Vehumet was aware of your devotion.
You were near starving.

You visited 2 branches of the dungeon, and saw 10 of its levels.

You collected 614 gold pieces.

Inventory:

Hand Weapons
 e - a +0 war axe
 K - a +1 glaive
 T - a +2 long sword of holy wrath (weapon)
Armour
 t - a +0 buckler
 u - a +1 pair of boots (worn)
 B - a +1 cloak (worn)
Jewellery
 c - an uncursed amulet of faith
 g - an uncursed ring of protection from fire
 o - an amulet of magic regeneration (around neck)
 F - a +3 amulet of reflection
 H - an uncursed amulet of harm
 I - a ring of fire (right hand)
 L - a ring of poison resistance (left hand)
Wands
 j - a wand of acid (8/15)
 y - a wand of flame (33/48)
 J - a wand of lightning (7/15)
 P - a wand of flame (14/48)
Scrolls
 d - 2 scrolls of random uselessness {unknown}
 f - 6 scrolls of remove curse
 h - 3 scrolls of amnesia
 k - 2 scrolls of fear {unknown}
 p - a scroll of enchant weapon
 q - a scroll of blinking {unknown}
 r - 2 scrolls of identify
 v - 2 scrolls of magic mapping {unknown}
 A - a scroll of immolation {unknown}
 G - 2 scrolls of recharging {unknown}
 M - a scroll of teleportation {unknown}
 N - 2 scrolls of noise {unknown}
 Q - a scroll of acquirement {unknown}
 R - a scroll of enchant armour {unknown}
 S - a scroll of torment {unknown}
Potions
 i - a potion of invisibility
 l - a potion of agility
 m - a potion of might
 s - a potion of resistance {unknown}
 w - a potion of magic {unknown}
 x - a potion of berserk rage {unknown}
 z - 4 potions of curing {unknown}
 C - a potion of haste {unknown}
 D - a potion of heal wounds
 O - a potion of mutation {unknown}
Books
 a - a book of Flames

   Spells                             Type                      Level
   a - Flame Tongue                   Conjuration/Fire             1
   b - Throw Flame                    Conjuration/Fire             2
   c - Conjure Flame                  Conjuration/Fire             3
   d - Inner Flame                    Hexes/Fire                   3
   e - Sticky Flame                   Conjuration/Fire             4
   f - Fireball                       Conjuration/Fire             5
Comestibles
 b - 8 bread rations
 n - 5 royal jellies
 E - 5 meat rations


   Skills:
 - Level 1.7 Dodging
 - Level 1.7 Stealth
 + Level 2.4 Spellcasting
 + Level 10.7 Conjurations
 + Level 11.3 Fire Magic


You had 5 spell levels left.
You knew the following spells:

 Your Spells              Type           Power        Failure   Level  Hunger
a - Flame Tongue          Conj/Fire      #####        1%          1    #......
b - Conjure Flame         Conj/Fire      ######..     1%          3    ###....
c - Sticky Flame          Conj/Fire      ######..     1%          4    #####..


Dungeon Overview and Level Annotations

Branches:
Dungeon (9/15)             Temple (1/1) D:7
   Lair: D:8-11         Orc: D:9-12

Altars:
Ashenzari
Cheibriados
Dithmenos
Elyvilon
Fedhas
Gozag
Hepliaklqana
Kikubaaqudgha
Makhleb
Nemelex Xobeh
Okawaru
Qazlal
Ru
Sif Muna
Trog
Uskayaw
Vehumet
Xom
Yredelemnul
Zin
The Shining One


Innate Abilities, Weirdness & Mutations

You can spit globs of acid.
You are resistant to acid.
Your golden yellow scales are hard. (AC +7)
You cannot fit into any form of body armour.
You are cold-blooded and may be slowed by cold attacks.


Message History

You closely miss something. Something hits you!
* * * LOW HITPOINT WARNING * * *
Something hits you but does no damage. x2
Something hits you!
* * * LOW HITPOINT WARNING * * *
A scorpion comes into view.
Something completely misses you. Something hits you.
* * * LOW HITPOINT WARNING * * *
Something hits you but does no damage. Something hits you.
* * * LOW HITPOINT WARNING * * *
Something hits you but does no damage. Something hits you.
* * * LOW HITPOINT WARNING * * *
Something barely misses you. Something hits you but does no damage.
Something hits you but does no damage. x2
Something hits you.
You die...

# #####'###### ###.#.
# #........## ..#. #
#......##.# .##Y #
#....##.#.# . #. ##
###.###..#.W###..# #Y
.# ..# {#.#......# #.
.## ###.# #.#...#####
#. ..## #..#.#...# ..
#..### #.#.#@..# ##
##...##### #.#....#
.........#####'#####.
###...##..............
####################


You could see a hungry ghost.

Vanquished Creatures
  Pikel (D:9)
  A hornet (D:5)
  Prince Ribbit (D:6)
  Grinder (D:6)
  A dream sheep (D:3)
  A yak (D:8)
  A basilisk (D:9)
  A steam dragon (D:9)
  A phantom (D:5)
  2 black bears
  2 orc warriors
  3 sky beasts (D:9)
  A centaur (D:8)
  A necrophage (D:8)
  8 ogres
  3 big kobolds (D:8)
  2 bullfrogs
  3 scorpions
  9 killer bees
  4 crimson imps
  A centaur zombie (D:5)
  3 hounds
  3 jellies
  6 orc priests
  Crazy Yiuf (D:4)
  5 worker ants
  2 iguanas (D:9)
  11 orc wizards
  2 hound zombies
  2 hound skeletons
  2 worker ant zombies
  5 adders
  A shadow imp (D:7)
  An ooze (D:7)
  An adder skeleton (D:4)
  2 worms
  4 dart slugs
  4 leopard geckos
  34 orcs
  9 bats
  6 giant cockroaches
  7 goblins
  8 hobgoblins
  7 jackals
  4 quokkas
  A ball python (D:3)
  8 frilled lizards
  23 kobolds
  A quokka skeleton (D:5)
  7 rats
218 creatures vanquished.

Vanquished Creatures (others)
  4 dream sheep (D:3)
  4 slaves (D:9)
  A bullfrog (D:9)
  A crimson imp (D:9)
  A hound (D:9)
11 creatures vanquished.

Grand Total: 229 creatures vanquished

Notes
Turn   | Place    | Note
-------+----------+-------------------------------------------
     0 | D:1      | skittles the Draconian Fire Elementalist began the quest for the Orb.
     0 | D:1      | Reached XP level 1. HP: 14/14 MP: 3/3
   139 | D:1      | Reached XP level 2. HP: 16/20 MP: 3/5
   722 | D:2      | Reached XP level 3. HP: 23/26 MP: 0/6
   986 | D:2      | Reached skill level 4 in Fire Magic
  1352 | D:3      | Found a shimmering altar of Xom.
  1352 | D:3      | Noticed a dream sheep
  1352 | D:3      | Noticed a dream sheep
  1352 | D:3      | Noticed a dream sheep
  1352 | D:3      | Noticed a dream sheep
  1352 | D:3      | Noticed a dream sheep
  1355 | D:3      | Killed a dream sheep
  1355 | D:3      | Killed a dream sheep
  1355 | D:3      | Killed a dream sheep
  1355 | D:3      | Killed a dream sheep
  1355 | D:3      | Reached XP level 4. HP: 30/33 MP: 5/7
  1359 | D:3      | Killed a dream sheep
  1365 | D:3      | Learned a level 3 spell: Conjure Flame
  1457 | D:3      | Reached XP level 5. HP: 23/38 MP: 4/8
  1464 | D:3      | Learned a level 4 spell: Sticky Flame
  2411 | D:4      | Reached skill level 5 in Fire Magic
  2809 | D:4      | Reached XP level 6. HP: 32/45 MP: 2/9
  3139 | D:4      | Found a runed door.
  3144 | D:4      | Noticed Crazy Yiuf
  3157 | D:4      | Killed Crazy Yiuf
  3324 | D:4      | Reached skill level 6 in Fire Magic
  3370 | D:5      | Entered Level 5 of the Dungeon
  3521 | D:5      | Found a basalt altar of Yredelemnul.
  3522 | D:5      | Found a deep blue altar of Sif Muna.
  3781 | D:5      | Reached skill level 5 in Conjurations
  3966 | D:5      | Your scales start taking on a golden yellow colour.
  3966 | D:5      | Reached XP level 7. HP: 50/50 MP: 3/10
  4554 | D:5      | Found a burning altar of Makhleb.
  4649 | D:6      | Noticed Grinder
  4655 | D:6      | Killed Grinder
  4655 | D:6      | Reached skill level 7 in Fire Magic
  4851 | D:6      | Reached XP level 8. HP: 18/57 MP: 6/11
  4971 | D:5      | Noticed a hornet
  5020 | D:5      | Killed a hornet
  5035 | D:5      | Reached skill level 8 in Fire Magic
  5684 | D:6      | Reached skill level 9 in Fire Magic
  5712 | D:6      | Found a blossoming altar of Fedhas.
  5875 | D:6      | Noticed Prince Ribbit
  5882 | D:6      | Killed Prince Ribbit
  5882 | D:6      | Reached XP level 9. HP: 61/62 MP: 4/12
  6386 | D:7      | Found a staircase to the Ecumenical Temple.
  6406 | Temple   | Entered the Ecumenical Temple
  6413 | Temple   | Became a worshipper of Vehumet
  7375 | D:8      | Reached skill level 10 in Fire Magic
  7443 | D:8      | Reached * piety under Vehumet
  7443 | D:8      | Offered knowledge of Sandblast by Vehumet.
  7648 | D:8      | Got a transparent spear
  7649 | D:8      | Identified the +2 spear of Blood {flame, rElec rPois MR- Int-5} (You found it on level 8 of the Dungeon)
  8208 | D:9      | Noticed Pikel
  8221 | D:9      | Killed Pikel
  8221 | D:9      | Reached skill level 10 in Conjurations
  8221 | D:9      | Reached XP level 10. HP: 54/69 MP: 4/13
  8739 | D:9      | Reached skill level 11 in Fire Magic
  8977 | D:9      | Noticed a fire dragon
  8977 | D:9      | HP: 2/69 [fire dragon/blast of flame (13)]
  9515 | D:9      | Noticed an unseen horror
  9549 | D:9      | HP: 2/69 [something (5)]
  9552 | D:9      | Slain by an unseen horror

Skill      XL: |  1  2  3  4  5  6  7  8  9 10 |
---------------+-------------------------------+-----
Conjurations   | 2 3 4 5 6 8 10 | 10.7
Fire Magic     | 4 5 6 7 9 10 11 | 11.3
Dodging        | |  1.7
Stealth        | |  1.7
Spellcasting   | |  2.4

Action                   |  1- 3 |  4- 6 |  7- 9 | 10-12 || total
-------------------------+-------+-------+-------+-------++-------
Melee: Short sword       |   101 |       |       |       ||   101
       Tailslap          |     5 |    17 |    21 |     4 ||    47
       Mace              |     7 |     9 |       |       ||    16
       War axe           |       |    91 |    12 |       ||   103
       Spear             |       |   175 |       |       ||   175
       Trident           |       |       |   127 |       ||   127
       Glaive            |       |       |   155 |    44 ||   199
       Long sword        |       |       |       |    10 ||    10
 Cast: Flame Tongue      |    24 |    49 |   135 |    39 ||   247
       Sticky Flame      |       |     3 |    18 |    13 ||    34
       Conjure Flame     |       |     1 |       |     1 ||     2
Evoke: Wand              |       |     1 |       |       ||     1
  Use: Potion            |       |     2 |       |     1 ||     3
       Scroll            |       |       |     7 |       ||     7
 Stab: Sleeping          |     2 |     4 |     5 |     2 ||    13
       Distracted        |     1 |       |     2 |       ||     3
  Eat: Chunk             |     2 |     8 |    15 |     6 ||    31
       Royal jelly       |       |     1 |     1 |       ||     2
       Fruit             |       |       |     4 |       ||     4
Armor: Skin              |    52 |   102 |   184 |    60 ||   398
Dodge: Dodged            |   101 |   168 |   286 |    70 ||   625
Block: Other             |       |       |     5 |       ||     5
       Rpst.: Long sword |       |       |       |     1 ||     1
